 Dungeon Crawl Stone Soup version 0.28-a0-245-g639a1a48b9 (webtiles) character file.

Game seed: 6406649920754988698

95 Sweetruy1997 the Slasher (level 4, 0/37 HPs)
             Began as a Barachi Fighter on Aug 24, 2021.
             Slain by a gnoll (3 damage)
             ... on level 3 of the Dungeon.
             The game lasted 00:05:37 (3290 turns).

Sweetruy1997 the Slasher (Barachi Fighter)          Turns: 3290, Time: 00:05:38

Health: 0/37       AC:  7    Str: 17    XL:     4   Next: 66%
Magic:  4/4        EV:  7    Int:  8    God:
Gold:   72         SH:  9    Dex: 13    Spells: 2/3 levels left

rFire   + . .      SeeInvis .   a - +0 long sword
rCold   x . .      Faith    .   c - +0 kite shield
rNeg    . . .      Spirit   .   b - +0 scale mail
rPois   .          Reflect  .   (no helmet)
rElec   .          Harm     .   (no cloak)
rCorr   .          Rampage  .   (no gloves)
Will    .....                   (no boots)
Stlth   ..........              (no amulet)
HPRegen 0.12/turn               e - ring of flight
MPRegen 0.09/turn               g - ring of fire

@: flying, slow
A: amphibious, slowness 1, strong legs 1, +LOS
a: Hop


You were on level 3 of the Dungeon.
You visited 1 branch of the dungeon, and saw 3 of its levels.

You collected 156 gold pieces.
You spent 84 gold pieces at shops.

Inventory:

Hand Weapons
 a - a +0 long sword (weapon)
Armour
 b - a +0 scale mail (worn)
 c - a +0 kite shield (worn)
Jewellery
 e - a ring of flight (left hand)
 g - a ring of fire (right hand)
Wands
 m - a wand of paralysis (3)
Scrolls
 f - a scroll of immolation {unknown}
 h - 2 scrolls of teleportation
 i - a scroll of identify {unknown}
 j - a scroll of holy word {unknown}
 k - a scroll of magic mapping {unknown}
 l - a scroll of silence {unknown}
Potions
 d - 2 potions of might


   Skills:
 - Level 4.0 Fighting
 + Level 4.6 Long Blades
 - Level 4.0 Armour
 + Level 0.4 Dodging
 + Level 0.1 Stealth
 + Level 3.8 Shields


You had 2 spell levels left.
You knew the following spells:

 Your Spells              Type           Power      Damage    Failure   Level
a - Apportation           Tloc           0%         N/A       99%         1

Your spell library contained the following spells:

 Spells                   Type           Power      Damage    Failure   Level
 Gell's Gravitas          Tloc           0%         N/A       100%        3
 Stone Arrow              Conj/Erth      0%         3d7       100%        3
 Teleport Other           Tloc           0%         N/A       100%        3
 Animate Armour           Summ/Erth      0%         N/A       100%        4
 Alistair's Intoxication  Tmut/Pois      0%         N/A       100%        5
 Freezing Cloud           Conj/Ice/Air   0%         6-21      100%        5
 Dispersal                Tloc           0%         N/A       100%        6
 Invisibility             Hex            0%         N/A       100%        6
 Simulacrum               Ice/Necr       0%         N/A       100%        6
 Lehudib's Crystal Spear  Conj/Erth      0%         10d2      100%        8
 Polar Vortex             Ice            0%         N/A       100%        9


Dungeon Overview and Level Annotations

Branches:
Dungeon (3/15)

Altars:

Shops:
D:3 *


Innate Abilities, Weirdness & Mutations

You are amphibious.
You cover ground slowly.
You can hop short distances.
You have an extended range of vision and can be seen from far away.


Message History

The gnoll hits you from afar with a +0 spear.
You block the gnoll's attack.
You barely miss the gnoll.
The gnoll is almost dead.
You block the gnoll's attack. The gnoll closely misses you.
You block the gnoll's attack. x2
You closely miss the gnoll.
The gnoll is almost dead.
The gnoll closely misses you. You block the gnoll's attack.
You hit the gnoll.
You kill the gnoll!
The gnoll barely misses you. The gnoll hits you but does no damage.
Your shield and scale mail prevent you from hitting the gnoll.
You are ready to hop once more.
The gnoll closely misses you. The gnoll hits you but does no damage.
You block the gnoll's attack.
You barely miss the gnoll. You block the gnoll's attack. x2
The gnoll hits you but does no damage.
You barely miss the gnoll. You block the gnoll's attack.
The gnoll hits you from afar with a +0 spear!
The gnoll hits you with a +0 whip.
You hit the gnoll.
The gnoll is moderately wounded.
The gnoll hits you from afar with a +0 spear.
* * * LOW HITPOINT WARNING * * *
The gnoll hits you but does no damage.
You hit the gnoll.
The gnoll is severely wounded.
The gnoll hits you from afar with a +0 spear.
* * * LOW HITPOINT WARNING * * *
The gnoll hits you with a +0 whip.
* * * LOW HITPOINT WARNING * * *
You block the gnoll's attack.
You completely miss the gnoll.
The gnoll is severely wounded.
You block the gnoll's attack.
The gnoll hits you from afar with a +0 spear.
* * * LOW HITPOINT WARNING * * *
The gnoll hits you with a +0 whip.
You die...

##...##.'∩#g....#
#..#######g....# #.##
#.....# ####.#####
#...## #........# #+##
#.##.###.# #.##.# #.#
# #.##.###.######.##
#.##.......@gg...#
#.######.####.........
#.# #.# ##...####. #..
..# #.## ### #### ##


You could see 2 gnolls.

Vanquished Creatures
  2 gnolls (D:3)
  4 adders
  2 worms
  2 orcs (D:3)
  3 endoplasms (D:2)
  2 goblins
  A hobgoblin (D:2)
  3 quokkas
  2 ball pythons (D:2)
  6 bats
  2 frilled lizards
  3 kobolds
  2 rats (D:3)
34 creatures vanquished.

Notes
Turn   | Place    | Note
-------+----------+-------------------------------------------
     0 | D:1      | Sweetruy1997 the Barachi Fighter began the quest for the
                  | Orb.
     0 | D:1      | Reached XP level 1. HP: 18/18 MP: 1/1
  1232 | D:2      | Reached XP level 2. HP: 18/25 MP: 2/2
  1607 | D:2      | Reached XP level 3. HP: 28/30 MP: 3/3
  1692 | D:2      | Found a faded altar of an unknown god.
  1820 | D:2      | Learned a level 1 spell: Apportation
  2055 | D:3      | Found Zifyic's General Store.
  2058 | D:3      | Bought a wand of paralysis (3) for 60 gold pieces
  2058 | D:3      | Bought a scroll of noise for 12 gold pieces
  2058 | D:3      | Bought a potion of degeneration for 12 gold pieces
  2880 | D:3      | Reached XP level 4. HP: 25/37 MP: 4/4
  3290 | D:3      | Slain by a gnoll

Illustrated notes

Levels and vault maps discovered:
D:1:      lemuel_arrival_muddy, layout_loops_corners
D:2:      minmay_evil_eye, layout_basic, shapermc_ecumenical_altar_pompeii
D:3:      kb_forest_paths, layout_loops_corners, slow_altar_2, serial_shops,
          nicolae_shop_window_shopping

Skill      XL: |  1  2  3 |
---------------+----------+-----
Armour         | 4 |  4.0
Fighting       | 4 |  4.0
Long Blades    | 3 4 |  4.6
Dodging        | |  0.4
Stealth        | |  0.1
Shields        | |  3.8

Action                   |  1- 3 |  4- 6 || total
-------------------------+-------+-------++-------
Melee: Long sword        |   124 |    21 ||   145
 Abil: Hop               |     2 |     1 ||     3
  Use: Scroll            |     2 |       ||     2
Armor: Scale mail        |    50 |     7 ||    57
Dodge: Dodged            |    48 |    11 ||    59
Block: Kite shield       |    59 |    23 ||    82
       Rpst.: Long sword |    22 |     2 ||    24

Table legend: (Time is in decaauts)
 A = Elapsed time spent in this place.
 B = Non-inter-level travel time spent in this place.
 C = Inter-level travel time spent in this place.
 D = Time resting spent in this place.
 E = Time spent auto-exploring this place.
 F = Levels seen in this place.
 G = Mean time per level.
                   A        B        C        D        E       F      G
               +--------+--------+--------+--------+--------+-----+--------+
         Total |   3729 |   3684 |     45 |    972 |   2323 |   3 | 1243.0 |
       Dungeon |   3729 |   3684 |     45 |    972 |   2323 |   3 | 1243.0 |
               +--------+--------+--------+--------+--------+-----+--------+

Top non-repeatable levels by time:
     D:3: 1393 daAuts
     D:1: 1392 daAuts
     D:2: 942 daAuts
